AoeStats
← |GaoeG| flamingo

Golden Pit

510083764Analyzed
1v1 RM · 1d ago on Sep 29, 2026· 34m 39s· 2 players
Game mode
Random Map
Map size
Tiny (2 player)
Population
200
Speed
Normal
Resources
Standard
Victory
Conquest
Starting age
Dark Age
Ending age
Imperial Age
RankedLock teamsTeams togetherTeam positionsShared explorationLock speedFull tech treeHidden civsTurbo modeCheats
Victory
Defeat
🇬🇧 Bengalis · United Kingdom
1374
+16
🇪🇸 Tatars · Spain
1378
-16
(ATBL) bigwillym
6:06 Loom
9:19 Feudal Age
9:55 Double-Bit Axe
10:12 Horse Collar
20:21 Castle Age
19:05 Gold Mining
19:30 Fletching
19:41 Padded Archer Armor
20:04 Bloodlines
22:25 Bodkin Arrow
24:14 Leather Archer Armor
26:09 Ballistics
|GaoeG| flamingo
6:38 Loom
9:26 Feudal Age
10:26 Double-Bit Axe
10:57 Horse Collar
18:28 Gold Mining
20:45 Castle Age
21:22 Bloodlines
21:52 Fletching
22:03 Padded Archer Armor
22:15 Bow Saw
22:47 Gold Shaft Mining
23:16 Bodkin Arrow
27:00 Wheelbarrow
31:38 Husbandry
Connection lost

Rejoining the realm…

Still unreachable

The connection could not be restored.

Session expired

The server has moved on; the page needs a fresh start.